 Dungeon Crawl Stone Soup version 0.31-a0-940-gdaa99269f9 (webtiles) character file.

Game seed: 5321579023474928230

290 avis the Ducker (level 6, 28/28 HPs)
             Began as a Felid Fighter on Oct 20, 2023.
             Got out of the dungeon alive.
             The game lasted 00:18:02 (3874 turns).

avis the Ducker (Felid Fighter)                     Turns: 3874, Time: 00:18:02

Health: 28/28      AC:  2    Str: 12    XL:     6   Next: 9%
Magic:  7/7        EV: 21    Int: 10    God:
Gold:   261        SH:  0    Dex: 17    Spells: 5/5 levels left
                                        Lives:  0   Deaths: 2

rFire   . .          .
                       - Unarmed
rCold   . . .        (shield unavailable)
rNeg    . . .        (body armour unavailable)
rPois   .            (helmet unavailable)
rElec   .            (cloak unavailable)
rCorr   +            (gloves unavailable)
SInv    +            (boots unavailable)
Will    .....        (no amulet)
Stlth   +++          d - ring of resist corrosion
HPRegen 0.24/turn    (no ring)
MPRegen 0.10/turn

%: no passive effects
@: quick
A: very small, claws 1, fangs 3, see invisible, speed 1, shaggy fur 2, stealthy
paws, no weapons or thrown items, no armour, multi-lived
a: no special abilities


You escaped.
You visited 1 branch of the dungeon, and saw 4 of its levels.
You also visited: Ossuary.

You collected 261 gold pieces.

Inventory:

Jewellery
 d - a ring of resist corrosion (left paw)
Talismans
 s - a serpent talisman
Scrolls
 b - a scroll of fog {unknown}
 c - a scroll of noise {unknown}
 g - a scroll of poison {unknown}
 i - 2 scrolls of revelation {unknown}
 j - a scroll of teleportation {unknown}
 k - a scroll of identify
 l - a scroll of butterflies {unknown}
 m - 2 scrolls of amnesia {unknown}
Potions
 a - 3 potions of might
 e - 2 potions of lignification
 f - 2 potions of haste {unknown}
 h - 2 potions of resistance
 n - a potion of degeneration {unknown}
 o - 2 potions of curing {unknown}
 p - 2 potions of cancellation {unknown}


   Skills:
 - Level 4.0 Fighting
 * Level 7.4 Dodging
 - Level 4.0 Stealth
 - Level 4.0 Unarmed Combat


You had 5 spell levels left.
You didn't know any spells.
Your spell library contained the following spells:

 Spells                   Type           Power      Damage    Failure   Level
 Freeze                   Ice            0%         1d3       36%         1
 Scorch                   Fire           0%         2d5       50%         2
 Wereblood                Tmut           0%         N/A       50%         2
 Frozen Ramparts          Ice            0%         1d1       75%         3
 Hailstorm                Conj/Ice       0%         3d3       75%         3
 Flame Wave               Conj/Fire      0%         2d4       98%         4
 Irradiate                Conj/Tmut      0%         3d11      100%        5
 Summon Cactus Giant      Summ           0%         N/A       100%        6


Dungeon Overview and Level Annotations

Branches:
Dungeon (4/15)            Ossuary (visited)
 Temple: D:4-7

Altars:
Okawaru
Trog

Shops:
D:2 [


Innate Abilities, Weirdness & Mutations

You have sharp claws.
You have razor-sharp teeth.
You have supernaturally acute eyesight. (SInv)
You cover ground quickly. (Speed+)
You are covered in thick fur. (AC +2)
Your paws help you pounce on unaware monsters.
You are incapable of wielding weapons or throwing items.
You cannot wear armour.
You gain extra lives every three experience levels.


Message History

There is an open door here.
You now have 261 gold pieces (gained 13).
You see here the felid corpse of avis.
You barely miss the goblin zombie. The goblin zombie misses you.
You claw the goblin zombie!
The goblin zombie is almost destroyed.
You claw the goblin zombie!
You destroy the goblin zombie!
You closely miss the human zombie.
The human zombie is almost destroyed.
The human zombie barely misses you.
You claw the human zombie!
You destroy the human zombie!
You have reached level 6!
Your fur grows into a thick mane.
Done exploring.
Unknown command.
You see here the felid corpse of avis.
There is a gate leading back out of this place here.
Welcome back to the Dungeon!
There is a collapsed entrance here.
The gnoll shouts!
There is an escape hatch in the ceiling here.
A mysterious force pulls you upwards. The hatch slams shut behind you.
You see here a +0 dagger.
You see here a +0 short sword.
There is an open door here.
There is a stone staircase leading up here.
You climb upwards.
There is a stone staircase leading down here.
There is a stone staircase leading up here.
You climb upwards.
There is a stone staircase leading down here.
You open the door.
There is an open door here.
There is an open door here.
There is an open door here.
There is an open door here.
There is a staircase leading out of the dungeon here.
You have escaped!

#.####.# ##...........#####.#.# #
#.# #.###..#########..## #.#.# #
#.## #.##..##..(....##..###.#.###
...###.#..##.#######.##.....#....
###.##.#.##.#'.....##.##.####....
# ##.#.#.#.##.#####.##.#.........
#.....#.#.##.#.##.#.#.####.... #
##.##..#.#.'.###.#.#.#.# #....
###.###..#.#.#.#@#.###.#.# #....
...## #..#.#.#.#'#.#.#.#.# #....
##รท# #..#.#.##...##.###.####.###
#.# ##..#.##.#####.##.#...##.###
#.###...##.##.....##.##...##....
#.##.....#'.#######.##..).######
#.#.......##.......##..#..###
#.##.......####.####..##....#
#.###...##.....).....####.#.####


There were no monsters in sight!

Vanquished Creatures
  2 human zombies (Ossuary)
  2 orc wizards (D:3)
  2 mummies (Ossuary)
  2 gnolls
  3 adders
  A dart slug (D:4)
  5 orcs
  3 endoplasms
  8 giant cockroaches
  8 goblins
  7 hobgoblins
  4 jackals (D:3)
  2 quokkas (D:3)
  5 ball pythons
  5 bats
  8 frilled lizards
  5 goblin zombies (Ossuary)
  10 hobgoblin zombies (Ossuary)
  A jackal zombie (Ossuary)
  8 kobolds
  5 kobold zombies (Ossuary)
  13 orc zombies (Ossuary)
  3 rats
  A rat zombie (Ossuary)
113 creatures vanquished.

Notes
Turn   | Place    | Note
-------+----------+-------------------------------------------
     0 | D:1      | avis the Felid Fighter began the quest for the Orb.
     0 | D:1      | Reached XP level 1. HP: 10/10 MP: 2/2
   174 | D:1      | Reached skill level 1 in Stealth
   284 | D:1      | Reached XP level 2. HP: 14/14 MP: 3/3
   364 | D:1      | Found a faded altar of an unknown god.
   573 | D:1      | Reached XP level 3. HP: 13/17 MP: 4/4
   921 | D:2      | Found Ycive's Armour Emporium.
   951 | D:2      | Found a bloodstained altar of Trog.
  1731 | D:3      | Reached skill level 5 in Dodging
  1731 | D:3      | Reached XP level 4. HP: 15/22 MP: 5/5
  1877 | D:3      | Found an iron altar of Okawaru.
  2520 | D:3      | Reached skill level 6 in Dodging
  2520 | D:3      | Reached XP level 5. HP: 9/25 MP: 6/6
  3159 | D:4      | Found a sand-covered staircase.
  3166 | Ossuary  | Entered an ossuary
  3512 | Ossuary  | Slain by a mummy
  3586 | Ossuary  | Reached skill level 7 in Dodging
  3611 | Ossuary  | HP: 1/25 [human zombie (4)]
  3612 | Ossuary  | Slain by a human zombie
  3701 | Ossuary  | Gained mutation: You are covered in thick fur. (AC +2)
                  | [Felid growth]
  3701 | Ossuary  | Reached XP level 6. HP: 28/28 MP: 7/7
  3874 | D:$      | Got out of the dungeon alive.

Illustrated notes

Levels and vault maps discovered:
D:1:      evilmike_arrival_rings, layout_loops_ring,
          hellmonk_ecumenical_altar_arch_garden, nicolae_figureground_sparkle
D:2:      layout_basic, basic_altar, serial_shops, shop
D:3:      layout_basic, mainiacjoe_overflow_boulevard
D:4:      layout_cave_pools, nzn_hepliaklqana_mist_gate,
          ebering_ghost_rock_garden, nicolae_ossuary_entry_monument,
          serial_park_tiny_1

Skill      XL: |  1  2  3  4  5 |
---------------+----------------+-----
Stealth        | 2 3 4 |  4.0
Fighting       | 4 |  4.0
Dodging        | 5 6 7 |  7.4
Unarmed Combat | |  4.0

Action                     |  1- 3 |  4- 6 || total
---------------------------+-------+-------++-------
  Melee: Unarmed           |   126 |   206 ||   332
         Bite              |     5 |    18 ||    23
         Punch             |     1 |     7 ||     8
    Use: Scroll            |     2 |       ||     2
   Stab: Sleeping          |     9 |     3 ||    12
         Distracted        |       |     2 ||     2
 Armour: Skin              |    21 |    42 ||    63
  Dodge: Dodged            |    86 |   138 ||   224

Table legend: (Time is in decaauts)
 A = Elapsed time spent in this place.
 B = Non-inter-level travel time spent in this place.
 C = Inter-level travel time spent in this place.
 D = Time resting spent in this place.
 E = Time spent auto-exploring this place.
 F = Levels seen in this place.
 G = Mean time per level.
                   A        B        C        D        E       F      G
               +--------+--------+--------+--------+--------+-----+--------+
         Total |   3257 |   2881 |    376 |    243 |   1469 |   5 |  651.4 |
       Dungeon |   2764 |   2388 |    376 |    221 |   1409 |   4 |  691.0 |
       Ossuary |    492 |    492 |      0 |     22 |     59 |   1 |  492.0 |
               +--------+--------+--------+--------+--------+-----+--------+

Top non-repeatable levels by time:
     D:2: 924 daAuts
     D:3: 899 daAuts
     D:1: 819 daAuts
 Ossuary: 492 daAuts
     D:4: 121 daAuts
